 Dungeon Crawl Stone Soup version 0.23.2 (webtiles) character file.

Game seed: 11953271167014176785

106 doot the Grave Robber (level 4, -2/33 HPs)
             Began as a Hill Orc Necromancer on Mar 31, 2019.
             Killed by divine providence
             ... invoked by an orc priest
              (18 damage)
             ... on level 3 of the Dungeon.
             The game lasted 00:10:16 (3117 turns).

doot the Grave Robber (Hill Orc Necromancer)        Turns: 3117, Time: 00:10:17

Health: -2/33      AC:  3    Str: 11    XL:     4   Next: 84%
Magic:  8/8        EV: 12    Int: 15    God:
Gold:   112        SH:  0    Dex: 11    Spells: 4/9 levels left

rFire    . . .     SeeInvis .   f - +0 hand axe
rCold    . . .     Gourm    .   (no shield)
rNeg     . . .     Faith    .   a - +0 robe
rPois    .         Spirit   .   q - +0 helmet
rElec    .         Reflect  .   (no cloak)
rCorr    .         Harm     +   (no gloves)
MR       .....                  (no boots)
Stlth    ++........             i - amulet of harm
HPRegen  0.11/turn              (no ring)
MPRegen  0.11/turn              (no ring)

@: no status effects
A: no striking features
a: Convert to Beogh


You were on level 3 of the Dungeon.
You were hungry.

You visited 1 branch of the dungeon, and saw 3 of its levels.

You collected 112 gold pieces.

Inventory:

Hand Weapons
 f - a +0 hand axe (weapon)
Armour
 a - a +0 robe (worn)
 q - a +0 helmet (worn)
Jewellery
 i - an amulet of harm (around neck)
Scrolls
 g - 2 scrolls of fog {unknown}
 j - a scroll of magic mapping {unknown}
 k - 2 scrolls of enchant armour {unknown}
 l - a scroll of identify {unknown}
 n - a scroll of teleportation {unknown}
 r - a scroll of immolation {unknown}
Potions
 b - a potion of haste {unknown}
 d - a potion of resistance {unknown}
 e - 3 potions of curing {unknown}
 h - a potion of heal wounds {unknown}
 m - a potion of brilliance {unknown}
 o - 2 potions of flight {unknown}
 p - a potion of cancellation {unknown}
Comestibles
 c - 5 rations


   Skills:
 + Level 1.5 Dodging
 + Level 1.6 Stealth
 + Level 0.2 Unarmed Combat
 + Level 3.0 Spellcasting
 + Level 4.9 Necromancy


You had 4 spell levels left.
You knew the following spells:

 Your Spells              Type           Power        Failure   Level  Hunger
a - Pain                  Necr           ###.         2%          1    #......
b - Animate Skeleton      Necr           N/A          2%          1    #......
c - Vampiric Draining     Necr           ###.......   9%          3    ###....

Your spell library contained the following spells:

 Spells                   Type           Power        Failure   Level  Hunger
 Magic Dart               Conj           #...         21%         1    #......
 Regeneration             Chrm/Necr      #.........   22%         3    ###....
 Animate Dead             Necr           N/A          26%         4    #####..
 Blink                    Tloc           N/A          30%         2    ##.....
 Call Imp                 Summ           #.......     30%         2    ##.....
 Slow                     Hex            #.......     30%         2    ##.....
 Conjure Flame            Conj/Fire      #.......     52%         3    ###....
 Mephitic Cloud           Conj/Pois/Air  #.......     52%         3    ###....


Dungeon Overview and Level Annotations

Branches:
Dungeon (3/15)

Altars:


Message History

The orc shouts! x2; You hear a shout!
The orc shouts!
A bullfrog skeleton comes into view.
An orc priest comes into view. It is wielding a +0 club.
Found a quarterstaff.
A goblin comes into view. It is wielding a +0 dagger.
The goblin shouts!
The orc priest shouts, "Join the one true god or die!" (press Y on the ability menu to convert to Beogh)
The bat closely misses you.
The orc priest mumbles some strange prayers to Beogh against you.
Pain shoots through your body!
Found a stone staircase leading down.
You are feeling hungry.
The bat hits you but does no damage.
The orc priest invokes the aid of Beogh against you.
Beogh smites you!
The orc priest invokes the aid of Beogh against you.
Beogh smites you!
Ouch! That really hurt!
You die...

#.....(# #......# #.#
#..goo.####### #.#
#....oZg.....# #.# #b#
#.# #b# #.########o## ≈≈
#....)......# ≈≈≈
#.........@.#
≈≈≈####...........#
≈≈≈88...#.######.######
........#............(..
........########.######.
≈≈≈88...# #.#
≈≈#.....########.# ≈
#.###.....†....# #.
#########..#


You could see an orc priest, 2 orcs, a goblin, 2 bats and a bullfrog skeleton.

Vanquished Creatures
  4 adders (D:2)
  3 worms
  2 dart slugs
  3 leopard geckos (D:2)
  3 giant cockroaches
  8 goblins
  4 hobgoblins
  2 jackals (D:1)
  5 kobolds (D:1)
  2 ball pythons
  7 bats
  3 frilled lizards (D:2)
  8 rats
54 creatures vanquished.

Vanquished Creatures (collateral kills)
  A giant cockroach (D:1)
1 creature vanquished.

Grand Total: 55 creatures vanquished

Notes
Turn   | Place    | Note
-------+----------+-------------------------------------------
     0 | D:1      | doot the Hill Orc Necromancer began the quest for the Orb.
     0 | D:1      | Reached XP level 1. HP: 14/14 MP: 3/3
   348 | D:1      | Learned a level 1 spell: Animate Skeleton
   469 | D:1      | Reached XP level 2. HP: 19/20 MP: 0/4
  1044 | D:1      | Reached XP level 3. HP: 17/26 MP: 3/6
  1616 | D:1      | Learned a level 3 spell: Vampiric Draining
  1964 | D:2      | Reached XP level 4. HP: 15/33 MP: 0/7
  3117 | D:3      | Killed from afar by an orc priest

Skill      XL: |  1  2  3  4 |
---------------+-------------+-----
Spellcasting   | 2 3 |  3.0
Dodging        | |  1.5
Stealth        | |  1.6
Unarmed Combat | |  0.2
Necromancy     | |  4.9

Action                   |  1- 3 |  4- 6 || total
-------------------------+-------+-------++-------
Melee: Unarmed           |     9 |       ||     9
       Hand axe          |     3 |       ||     3
 Cast: Pain              |    73 |    43 ||   116
       Animate Skeleton  |    10 |     9 ||    19
  Eat: Chunk             |     4 |     4 ||     8
Armor: Robe              |     7 |     6 ||    13
Dodge: Dodged            |    18 |    10 ||    28
